Map: Dusk Towers

Players

LilDicky

  • Race: Terran Terran
  • League: Diamond

RoD - Winner!

  • Race: Protoss Protoss
  • League: Master

VOD

http://www.twitch.tv/tumescentpie

Description

Time

  • Played on: Dec. 26, 2015, 11:45 p.m.
  • Length: 5:53
Show
View Real Time Build Order
Export as new Build Order

LilDicky Terran 

Build Orders: MMM Bio 

Get SALT Encoding   

  12  0:05  SCV  
  13  0:17  SCV  
  13  0:21  Supply Depot  
  14  0:29  SCV  
  16  0:42  SCV  
  16  0:46  Refinery, Barracks  
  16  0:55  SCV  
  17  1:09  SCV  
  18  1:33  Orbital Command  
  18  1:35  Marine  
  18  1:36  Supply Depot  
  19  2:00  SCV  
  20  2:02  Marine  
  20  2:08  Barracks  
  21  2:12  SCV, Factory  
  22  2:17  Refinery  
  23  2:27  Barracks Reactor  
  22  2:30  SCV  
  22  2:32  Barracks  
  24  2:44  SCV  
  24  2:54  Supply Depot  
  24  2:58  SCV  
  24  2:59  Barracks Tech Lab  
  24  3:04  Marine x2  
  27  3:08  Widow Mine  
  27  3:10  SCV  
  30  3:23  SCV  
  30  3:25  Barracks Tech Lab, Stimpack, Marine x2  
  33  3:27  Marine  
  33  3:30  Supply Depot  
  34  3:35  SCV  
  35  3:45  Starport  
  35  3:55  Combat Shields, Marauder x2  
  37  3:56  Marine x2  
  37  3:58  SCV  
  39  4:10  SCV  
  39  4:14  Marine  
  39  4:16  Marauder  
  39  4:17  Supply Depot, Marauder  
  45  4:22  SCV  
  45  4:23  Supply Depot  
  46  4:31  Marine  
  47  4:38  Widow Mine  
  47  4:39  SCV, Medivac  
  47  4:42  Marauder  
  54  4:47  Marauder  
  54  4:48  Marine  
  54  4:51  SCV  
  58  4:59  Supply Depot  
  58  5:03  SCV, Marauder  
  61  5:15  SCV  
  61  5:16  Marauder, Marine  
  61  5:20  Marine  
  64  5:24  Marauder  
  66  5:34  Marine  
Show
View Real Time Build Order
Export as new Build Order

RoD Protoss - Winner!

Build Orders: 1 Gate Expand 

Get SALT Encoding   

  12  0:00  Probe (Chrono Boost)  
  13  0:11  Probe (Chrono Boost)  
  14  0:19  Pylon  
  14  0:22  Probe (Chrono Boost)  
  15  0:37  Probe (Chrono Boost)  
  15  0:38  Gateway  
  16  0:48  Probe (Chrono Boost)  
  17  0:56  Assimilator  
  17  0:58  Probe (Chrono Boost)  
  18  1:09  Probe (Chrono Boost)  
  19  1:19  Probe (Chrono Boost)  
  20  1:38  Cybernetics Core  
  21  1:40  Probe (Chrono Boost)  
  21  1:43  Nexus  
  21  1:50  Probe (Chrono Boost)  
  22  2:01  Probe (Chrono Boost)  
  23  2:03  Assimilator  
  23  2:14  Pylon  
  23  2:16  Warp Gate  
  23  2:25  Probe (Chrono Boost)  
  23  2:36  Probe (Chrono Boost)  
  24  2:39  Robotics Facility  
  24  2:43  Stalker (Chrono Boost)  
  26  2:46  Probe  
  27  2:58  Probe  
  27  3:00  Gateway  
  28  3:10  Sentry (Chrono Boost)  
  28  3:12  Pylon  
  30  3:15  Pylon  
  30  3:23  Mothership Core  
  32  3:28  Observer (Chrono Boost)  
  33  3:44  Probe  
  33  3:55  Probe  
  33  3:56  Probe  
  35  4:06  Probe  
  35  4:08  Probe  
  37  4:13  Assimilator  
  37  4:17  Probe, Immortal (Chrono Boost)  
  41  4:20  Probe  
  43  4:25  Pylon  
  43  4:27  Probe  
  43  4:30  Stalker  
  43  4:31  Stalker  
  48  4:32  Probe  
  48  4:38  Probe  
  49  4:40  Assimilator  
  49  4:41  Pylon  
  49  4:45  Probe  
  51  4:48  Probe  
  51  4:49  Gateway  
  52  4:55  Immortal (Chrono Boost)  
  52  4:56  Adept x2  
  52  4:57  Probe  
  61  5:03  Probe  
  62  5:09  Probe  
  62  5:13  Probe  
  63  5:14  Pylon  
  63  5:18  Pylon  
  63  5:21  Probe  
  65  5:27  Probe  
  65  5:33  Probe  
  67  5:41  Adept  
Tags
 
Add a new tag
Caveats
  • Supply blocks, unpowered buildings, or Contaminate may cause inaccurate times.
  • Supply counts are checked every 10 seconds.